 Dungeon Sprint DCSS version 0.22-a0-358-g7563fe7 (webtiles) character file.

268 KristoblXynda the Covert (level 6, -7/48 HPs)
             Began as a Draconian Assassin on Apr 18, 2018.
             Was a Follower of Dithmenos.
             Mangled by a killer bee (8 damage)
             ... in the Dungeon (Sprint IV: "Fedhas' Mad Dash").
             The game lasted 00:02:46 (747 turns).

KristoblXynda the Covert (Draconian Assassin)        Turns: 747, Time: 00:02:47

Health: -7/48      AC:  7    Str: 14    XL:     6   Next: 0%
Magic:  7/9        EV: 16    Int: 11    God:    Dithmenos [*.....]
Gold:   127        SH:  0    Dex: 14    Spells: 5/5 levels left

rFire    . . .     SeeInvis .   a - +2 dagger
rCold    . . .     Gourm    .   (no shield)
rNeg     . . .     Faith    .   (armour unavailable)
rPois    .         Spirit   .   (helmet restricted)
rElec    .         Reflect  .   c - +0 cloak
rCorr    .         Harm     .   (no gloves)
MR       .....     NoTele   +   (no boots)
Stlth    ++++......             k - amulet of invisibility {+Inv}
HPRegen  0.16/turn              (no ring)
MPRegen  0.11/turn              (no ring)

@: lethally poisoned (-7 -> -9), very slightly contaminated, hasted, wreathed by
umbra, invisible, very quick
A: unfitting armour, cold-blooded, AC +6
a: Renounce Religion


You were in the Dungeon.
You worshipped Dithmenos.
Dithmenos was aware of your devotion.
You were hungry.

You visited 1 branch You collected 127 gold pieces.

Inventory:

Hand Weapons
 a - a +2 dagger (weapon)
 b - a +0 blowgun
Missiles
 d - 8 poisoned needles
 e - 2 curare-tipped needles
Armour
 c - a +0 cloak (worn)
 n - a +0 buckler
Jewellery
 k - the amulet of invisibility (around neck) {+Inv}
   (You found it in the Dungeon)

   [amulet of nothing]

   It lets you turn invisible.
Scrolls
 l - a scroll of blinking
Potions
 j - 2 potions of magic
Comestibles
 f - a ration


   Skills:
 - Level 2.1 Fighting
 - Level 5.0 Short Blades
 - Level 2.5 Throwing
 + Level 6.4 Dodging
 + Level 8.0 Stealth
 + Level 0.0 Shields
 + Level 5.1 Evocations


You had 5 spell levels left.
You didn't know any spells.

Dungeon Overview and Level Annotations

Branches:
Dungeon (1/1)

Altars:
Cheibriados
Dithmenos
Elyvilon
Gozag
Hepliaklqana
Kikubaaqudgha
Makhleb
Nemelex Xobeh
Okawaru
Qazlal
Ru
Sif Muna
Trog
Uskayaw
Vehumet
Wu Jian
Xom
Yredelemnul
Zin
The Shining One
Beogh
Jiyva
Lugonu

Shops:
D =}


Innate Abilities, Weirdness & Mutations

Your plain brown scales are hard. (AC +6)
You cannot fit into any form of body armour.
You are cold-blooded and may be slowed by cold attacks.


Message History

The killer bee barely misses you.
You feel yourself speed up.
The killer bee stings you but does no damage.
The killer bee barely misses you. The killer bee completely misses you.
The queen bee calls on the killer bee to defend it!
The killer bee goes berserk!
The queen bee calls on the killer bee to defend it!
The killer bee goes berserk!
The killer bee stings you.
* * * LOW HITPOINT WARNING * * *
You are lethally poisoned!
The killer bee poisons you!
The killer bee stings you but does no damage.
The killer bee misses you.
Okay, then.
As you read the scroll labeled EVUMEW KOCE, it crumbles to dust.
It is a scroll of amnesia.
You feel forgetful for a moment.
* * * LOW HITPOINT WARNING * * *
You feel sick. The killer bee stings you!
You die...

#############################
#<..P#.....#.....#.⌠._._._._.
#PP..÷.....'.#.[.'.._._._._._
#PPPP#.....#.#...#..._._._._.
###############'##.._._._._._
#...♣.....yy@y...#._._._._._.
#%.....♣...yy#...############
#.....♣..♣..######
##+####+#####


You could see a queen bee and 4 killer bees.

Vanquished Creatures
  A scorpion (D)
  4 oklob saplings (D)
  A worker ant (D)
  2 spriggans (D)
  A river rat (D)
  A rat (D)
10 creatures vanquished.

Notes
Turn   | Place    | Note
-------+----------+-------------------------------------------
     0 | D        | KristoblXynda the Draconian Assassin began the quest for the Orb.
     0 | D        | Reached XP level 1. HP: 17/17 MP: 1/1
    16 | D        | Reached skill level 1 in Dodging
    16 | D        | Reached skill level 4 in Stealth
    16 | D        | Reached XP level 2. HP: 12/24 MP: 2/2
   166 | D        | Noticed an oklob sapling
   174 | D        | Killed an oklob sapling
   174 | D        | Reached skill level 5 in Stealth
   174 | D        | Reached XP level 3. HP: 19/29 MP: 3/3
   342 | D        | Found the amulet of invisibility {+Inv}
   363 | D        | Noticed an oklob sapling
   366 | D        | Killed an oklob sapling
   366 | D        | Reached skill level 5 in Short Blades
   366 | D        | Reached XP level 4. HP: 36/36 MP: 1/4
   398 | D        | Found an opulent altar of Gozag.
   398 | D        | Found a hazy altar of Hepliaklqana.
   398 | D        | Found a roughly hewn altar of Beogh.
   398 | D        | Found a snail-covered altar of Cheibriados.
   404 | D        | Found a viscous altar of Jiyva.
   404 | D        | Found a burning altar of Makhleb.
   404 | D        | Found a sparkling altar of Nemelex Xobeh.
   404 | D        | Found a sacrificial altar of Ru.
   404 | D        | Found a deep blue altar of Sif Muna.
   404 | D        | Found a bloodstained altar of Trog.
   404 | D        | Found an ornate altar of the Wu Jian Council.
   404 | D        | Found a shimmering altar of Xom.
   404 | D        | Found a basalt altar of Yredelemnul.
   405 | D        | Found an iron altar of Okawaru.
   405 | D        | Found a shadowy altar of Dithmenos.
   405 | D        | Found a glowing silver altar of Zin.
   406 | D        | Found an ancient bone altar of Kikubaaqudgha.
   406 | D        | Found a hide-covered altar of Uskayaw.
   407 | D        | Found a stormy altar of Qazlal.
   407 | D        | Found a white marble altar of Elyvilon.
   407 | D        | Found a glowing golden altar of the Shining One.
   408 | D        | Found a corrupted altar of Lugonu.
   408 | D        | Found a radiant altar of Vehumet.
   411 | D        | Reached skill level 5 in Dodging
   411 | D        | Reached skill level 6 in Stealth
   411 | D        | Reached XP level 5. HP: 41/41 MP: 2/7
   549 | D        | Became a worshipper of Dithmenos the Shadowed
   558 | D        | Reached skill level 7 in Stealth
   668 | D        | Reached * piety under Dithmenos
   670 | D        | Reached skill level 8 in Stealth
   670 | D        | Reached skill level 5 in Evocations
   670 | D        | Reached XP level 6. HP: 48/48 MP: 7/9
   687 | D        | Found Beotsep's Gadget Shop.
   688 | D        | Found Viteattoxo's Jewellery Emporium.
   695 | D        | Noticed a burning bush
   695 | D        | Noticed a wandering mushroom
   728 | D        | Noticed a queen bee
   746 | D        | HP: 2/48 [killer bee (1)]
   747 | D        | Mangled by a killer bee

Vault maps used:
D:        dungeon_sprint_fedhas

Skill      XL: |  1  2  3  4  5 |
---------------+----------------+-----
Throwing       | 2 |  2.5
Dodging        | 1 3 4 5 6 |  6.4
Stealth        | 4 5 6 8 |  8.0
Short Blades   | 3 5 |  5.0
Evocations     | 2 5 |  5.1
Fighting       | |  2.1

Action                   |  1- 3 |  4- 6 || total
-------------------------+-------+-------++-------
Melee: Dagger            |    17 |     8 ||    25
       Tailslap          |     3 |       ||     3
 Abil: Evoke Invisibilit |     1 |     2 ||     3
  Use: Potion            |     1 |     3 ||     4
       Scroll            |       |     1 ||     1
 Stab: Sleeping          |     2 |     5 ||     7
Armor: Skin              |     2 |     4 ||     6
Dodge: Dodged            |     4 |    44 ||    48

Table legend:
 A = Spawn XP
 B = Non-spawn XP
 C = Spawn XP percentage of total XP
 D = Spawn monster count
 E = Non-spawn monster count
 F = Spawn count percentage of total count
 G = Total turns spent on level
                    A         B        C        D         E        F      G
               +---------+---------+-------+---------+---------+-------+---------
         Total |       0 |     383 |   0.0 |       0 |      10 |   0.0 |   747
               +---------+---------+-------+---------+---------+-------+---------
             D |       0 |     383 |   0.0 |       0 |      10 |   0.0 |   747
               +---------+---------+-------+---------+---------+-------+---------
